Unix NetHack Version 3.7.0-97 Work-in-progress - last build Feb 8 2024 15:05:57 (6d6cdf8371b60126770a3d7b88910941cb14a054,branch:master). Game began 2024-02-15 16:51:49, ended 2024-02-15 22:39:58. nurdglaw, chaotic female human Rogue ---------- |..<.....| ----- --------------------- --- |......... |...| |.............|..|..| |.| |........| |...+ |.............-..|.. +.| |........+ |...----.....)....@..----|-----.| --------.- |...@....)@.....................| # G..a--|--|----.......--+----....| # ## |...|..`|....|{......| |..|....| ## ####|.u.|%!.|....|.......| |..|....| ## ## #....|%`%|._..|.......----|--....| # # |...|%%.|....|....{....`..%.....| # ## |...|---------..------...------.| -------.---- # |...| |......| ((!|...|/...|.| |..........| # |...+ |......-.(((|...|.[..-.| |..........| # |...| |......|.(((|...|*)].|.| |...........### |...------......------...------.| |..........| |...............................| ------------ --------------------------------- Nurdglaw the Rogue St:11 Dx:18 Co:18 In:8 Wi:11 Ch:11 Chaotic S:7265 Dlvl:8 $:0 HP:0(68) Pw:40(40) AC:5 Xp:8/1393 T:7165 Burdened Latest messages: You read: "E#bereth". You see here a food ration (for sale, 45 zorkmids). What do you want to write with? [- abiu-yLNW or ?*] - Do you want to add to the current engraving? [ynq] (y) n You wipe out the message that was written in the dust here. You write in the dust with your fingertip. What do you want to write in the dust here? Elbereth The giant mimic turns to flee. Something is written here in the dust. You read: "Elbereth". You see here a food ration (for sale, 45 zorkmids). The dog drops an arrow. The giant mimic turns to flee. You see here a carrot (for sale, 7 zorkmids). You see here a food ration (for sale, 45 zorkmids). You seem to have no gold or credit. What do you want to write with? [- abiu-yLNW or ?*] - You write in the dust with your fingertip. What do you want to write in the dust here? Elbereth What do you want to use or apply? [hk-mBJKW or ?*] h You have a little trouble removing $ - 45 gold pieces. Are you sure you want to pray? [yn] (n) n A food ration for 45 zorkmids. Pay? [yn] (n) y You bought a food ration for 45 gold pieces. "Thank you for shopping in Sarangan's delicatessen!" The giant beetle turns to flee. Pick an object. ! a potion (a clear potion (for sale, 7 zorkmids)) The dog picks up a food ration. The dog drops a food ration. The giant mimic turns to flee. The dog picks up a food ration. The dog drops a food ration. There is an open door here. You see here an arrow. The dog picks up an arrow. The giant beetle bites! In what direction? b You throw 3 daggers. The 1st dagger hits the giant beetle! The 2nd dagger hits the giant beetle. The 3rd dagger hits the giant beetle! The giant beetle bites! The giant beetle bites! You die... Do you want your possessions identified? [ynq] (y) y Do you want to see your attributes? [ynq] (y) y Do you want an account of creatures vanquished? [ynaq] (y) y Do you want to see your conduct and achievements? [ynq] (y) y Do you want to see the dungeon overview? [ynq] (y) y Inventory: Weapons N - 4 uncursed greased +0 daggers (wielded) b - 26 uncursed +0 daggers (at the ready) u - an uncursed +0 dagger v - an uncursed +0 elven dagger a - an uncursed +0 short sword (alternate weapon; not wielded) Armor n - an uncursed +0 orcish helm f - an uncursed +0 pair of iron shoes t - a blessed +0 mummy wrapping c - an uncursed +1 leather armor named prayed on turn 6990 (being worn) Comestibles j - 2 uncursed slime molds S - an uncursed apple A - an uncursed food ration Z - an uncursed lizard corpse Potions s - an uncursed potion of booze z - a blessed potion of sleeping Rings x - a blessed +1 ring of increase accuracy L - an uncursed +1 ring of increase damage i - an uncursed ring of poison resistance named donned on turn 3420 w - an uncursed ring of see invisible y - an uncursed ring of sustain ability Wands W - an uncursed wand of make invisible (0:4) Tools h - an uncursed sack containing 17 items B - an uncursed drum of earthquake (0:6) K - an uncursed brass lantern k - an uncursed lock pick J - a blessed magic lamp m - an uncursed oil lamp l - an uncursed tallow candle Contents of the sack: 1343 gold pieces 2 uncursed potions of healing an uncursed potion of invisibility a blessed potion of object detection an uncursed potion of object detection 2 uncursed potions of paralysis a cursed potion of paralysis an uncursed potion of sickness a cursed potion of speed an uncursed +0 pick-axe an uncursed garnet stone 4 uncursed worthless pieces of black glass an uncursed worthless piece of green glass an uncursed worthless piece of orange glass an uncursed worthless piece of red glass an uncursed worthless piece of violet glass an uncursed worthless piece of yellow glass Nurdglaw the Rogue's attributes: Background: You were a Rogue, level 8 female human. You were chaotic, on a mission for Kos who was opposed by Issek (lawful) and Mog (neutral). You were right-handed. You were in the Gnomish Mines, on level 8. You entered the dungeon 7165 turns ago. It was nighttime. You had 1393 experience points, 1167 more were needed to attain level 9. Your score was 7265 before end-of-game adjustments. Basics: You had 0 out of 68 hit points. You had all 40 energy points (spell power). Your armor class was 5. Your wallet was empty, but you had 1343 zorkmids stashed away in your pack. Autopickup was on for '$' plus thrown. Final Characteristics: Your strength was 11 (limit:18/100). Your dexterity was 18 (limit:18). Your constitution was 18 (limit:18). Your intelligence was 8 (limit:18). Your wisdom was 11 (limit:18). Your charisma was 11 (limit:18). Final Status: You weren't hungry. You were burdened; movement was slightly slowed. You were wielding daggers. You had expert skill with dagger. Final Attributes: You were piously aligned. You were poison resistant. You were telepathic. You were stealthy. You had a small defense bonus (+2). You were warded. You are dead. Miscellaneous: You never encountered a bones level. Total elapsed playing time was 3 hours, 26 minutes and 51 seconds. Major events: Turn 1: nurdglaw the chaotic female human Rogue entered the dungeon 1014: attained the rank of Cutpurse (level 3) 2544: entered the Gnomish Mines 4002: attained the rank of Rogue (level 6) 6610: reached Mine Town 7165: killed by a giant beetle Vanquished creatures: an ettin zombie a giant beetle a quivering blob 3 leprechauns a horse a forest centaur a brown pudding a lizard a white unicorn 4 human zombies a wood nymph a rock piercer a violet fungus 5 gnome leaders 2 gnomish wizards a kobold mummy a ghoul a baby crocodile a little dog a floating eye a kitten 9 dwarves a homunculus 2 kobold leaders 9 hill orcs 9 rothes a giant bat a werejackal 3 iguanas an acid blob 2 hobbits 2 large kobolds 7 giant rats 4 cave spiders a brown mold 2 yellow molds 2 red molds 33 gnomes 3 gnome zombies 3 geckos 8 jackals 2 foxes 3 goblins 6 sewer rats 6 grid bugs 4 lichens 2 kobold zombies 7 newts 164 creatures vanquished. No species were genocided or became extinct. Voluntary challenges: You read items or engraved 31 times. You engraved Elbereth 22 times. You never genocided any monsters. You never polymorphed an object. You never changed form. You used no wishes. Achievements: You entered a shop. You attained the rank of Cutpurse. You entered the Gnomish Mines. You attained the rank of Rogue. You entered Minetown. You entered a temple. The Dungeons of Doom: levels 1 to 5 Level 1: An altar to Kos, a sink. Level 2: A jewelers, a fountain. Level 3: An armor shop. Level 4: A fountain. Stairs down to The Gnomish Mines. Level 5: The Gnomish Mines: levels 5 to 8 Level 5: Level 6: Level 7: Level 8: <- You were here. A temple and an altar, some fountains. Final resting place for you, killed by a giant beetle. Game over: ---------- / \ / REST \ / IN \ / PEACE \ / \ | nurdglaw | | 1343 Au | | killed by a | | giant beetle | | | | | | 2024 | *| * * * | * _________)/\\_//(\/(/\)/\//\/|_)_______ Goodbye nurdglaw the Rogue... You died in The Gnomish Mines on dungeon level 8 with 7131 points, and 1343 pieces of gold, after 7165 moves. You were level 8 with a maximum of 68 hit points when you died.